 Dungeon Crawl Stone Soup version 0.31-a0-569-g7ea453304b (webtiles) character file.

Game seed: 4324678029561427873

81274 AdnanSaban the Bludgeoner (level 15, -9/101 HPs)
             Began as a Gargoyle Fighter on Aug 18, 2023.
             Was the Champion of Okawaru.
             Killed by divine providence
             ... invoked by Saint Roka
              (12 damage)
             ... on level 1 of the Orcish Mines.
             The game lasted 00:39:46 (25405 turns).

AdnanSaban the Bludgeoner (Gargoyle Fighter)       Turns: 25405, Time: 00:39:47

Health: -9/101     AC: 40    Str: 28    XL:     15   Next: 69%
Magic:  16/16      EV:  8    Int: 11    God:    Okawaru [******]
Gold:   2255       SH: 18    Dex: 15    Spells: 14/14 levels left

rFire   . . .        S - +7 morningstar (protect)
rCold   + . .        U - +0 kite shield
rNeg    + . .        m - +0 plate armour
rPois   ∞            K - +0 hat {Will+}
rElec   +            y - +1 cloak {rPois}
rCorr   .            p - +0 pair of gloves {Str+3}
SInv    .            Y - +0 pair of boots of Vuism {rC+ Slay+3}
Will    +++..        L - amulet of reflection Stlth
                     z - +6 ring of dexterity
HPRegen 0.36/turn    N - ring of willpower
MPRegen 0.15/turn

%: reflection
@: mighty, under a protective aura, flying
A: sickness immunity, AC +11, big wings, negative energy resistance 1,
electricity resistance, torment resistance 1, petrification resistance
a: Renounce Religion, Heroism, Finesse, Duel


You were on level 1 of the Orcish Mines.
You worshipped Okawaru.
Okawaru was exalted by your worship.
You visited 4 branches of the dungeon, and saw 21 of its levels.
You also visited: Bailey.

You collected 2255 gold pieces.

Inventory:

Hand Weapons
 H - the +4 flail of Axtuur {flame, *Rage rC+ rN+ Int+5}
   (You took it off an orc on level 7 of the Dungeon)

   Int+5:     It affects your intelligence (+5).
   rC+:       It protects you from cold.
   rN+:       It protects you from negative energy.
   *Rage:     It berserks you when you make melee attacks (+20% chance).
 S - a +7 morningstar of protection (weapon)
Missiles
 v - 18 poisoned darts (quivered)
 x - a throwing net
 A - 40 boomerangs
 C - 7 javelins
 F - 3 atropa-tipped darts
 I - 6 curare-tipped darts
 J - 8 datura-tipped darts
 R - 2 darts of dispersal
Armour
 m - a +0 plate armour (worn)
 p - a +0 pair of gloves of strength (worn)
 y - a +1 cloak of poison resistance (worn)
 K - a +0 hat of willpower (worn)
 U - a +0 kite shield (worn)
 Y - the +0 pair of boots of Vuism (worn) {rC+ Slay+3}
   (Okawaru gifted it to you on level 4 of the Lair of Beasts)

   Slay+3:    It affects your accuracy & damage with ranged weapons and melee
   (+3).
   rC+:       It protects you from cold.
Jewellery
 z - a +6 ring of dexterity (left hand)
 L - an amulet of reflection (around neck)
 N - a ring of willpower (right hand)
 W - a ring of protection from fire
 Z - a ring of ice
Wands
 X - a wand of polymorph (4)
Scrolls
 b - 6 scrolls of teleportation {unknown}
 e - a scroll of poison {unknown}
 f - 3 scrolls of revelation {unknown}
 g - 18 scrolls of identify {unknown}
 j - 3 scrolls of noise {unknown}
 l - 4 scrolls of fear {unknown}
 n - 4 scrolls of enchant weapon {unknown}
 o - 4 scrolls of fog {unknown}
 r - 4 scrolls of immolation {unknown}
 s - 5 scrolls of blinking {unknown}
 t - 5 scrolls of vulnerability {unknown}
 G - a scroll of acquirement {unknown}
 M - a scroll of silence {unknown}
 Q - 2 scrolls of enchant armour {unknown}
 T - a scroll of torment {unknown}
 V - a scroll of summoning {unknown}
Potions
 a - a potion of invisibility {unknown}
 c - 2 potions of berserk rage {unknown}
 d - 2 potions of might
 h - 5 potions of enlightenment {unknown}
 i - 3 potions of brilliance {unknown}
 k - a potion of experience
 q - 6 potions of mutation {unknown}
 u - 3 potions of heal wounds {unknown}
 w - 3 potions of attraction {unknown}
 B - a potion of degeneration {unknown}
 D - 4 potions of lignification {unknown}
 E - 5 potions of curing {unknown}
 O - 2 potions of haste {unknown}
 P - a potion of cancellation {unknown}


   Skills:
 + Level 14.3 Fighting
 + Level 17.0 Maces & Flails
 + Level 3.5 Throwing
 + Level 13.3 Armour
 + Level 2.8 Dodging
 + Level 2.2 Stealth
 + Level 13.5 Shields
 + Level 1.8 Invocations


You had 14 spell levels left.
You didn't know any spells.
Your spell library contained the following spells:

 Spells                   Type           Power      Damage    Failure   Level
 Freeze                   Ice            0%         1d3       98%         1
 Necrotise                Necr           0%         1d4       98%         1
 Shock                    Conj/Air       0%         1d3       98%         1
 Scorch                   Fire           0%         2d5       99%         2
 Wereblood                Tmut           0%         N/A       99%         2
 Frozen Ramparts          Ice            0%         1d1       100%        3
 Hailstorm                Conj/Ice       0%         3d3       100%        3
 Inner Flame              Hex/Fire       0%         N/A       100%        3
 Swiftness                Air            0%         N/A       100%        3
 Vampiric Draining        Necr           0%         2d6       100%        3
 Airstrike                Air            0%         2d(0-16)  100%        4
 Flame Wave               Conj/Fire      0%         2d4       100%        4
 Manifold Assault         Tloc           0%         N/A       100%        4
 Passage of Golubria      Tloc           0%         N/A       100%        4
 Petrify                  Tmut/Erth      0%         N/A       100%        4
 Agony                    Necr           0%         N/A       100%        5
 Irradiate                Conj/Tmut      0%         3d11      100%        5
 Metabolic Englaciation   Hex/Ice        0%         N/A       100%        5
 Yara's Violent Unravell  Hex/Tmut       0%         3d3       100%        5
 Dispersal                Tloc           0%         N/A       100%        6
 Enfeeble                 Hex            0%         N/A       100%        7
 Disjunction              Tloc           0%         N/A       100%        8
 Summon Small Mammal      Summ           Unusable   N/A       N/A         1
 Call Canine Familiar     Summ           Unusable   N/A       N/A         3
 Summon Guardian Golem    Hex/Summ       Unusable   N/A       N/A         3
 Tukima's Dance           Hex            Unusable   N/A       N/A         3
 Summon Cactus Giant      Summ           Unusable   N/A       N/A         6

Dungeon Overview and Level Annotations

Branches:
Dungeon (13/15)            Temple (1/1) D:4            Lair (5/5) D:9
 Shoals (0/4) Lair:3        Snake (0/4) Lair:3        Slime (0/5) Lair:4
    Orc (2/2) D:10            Elf (0/3) Orc:2        Vaults (0/5) D:13
 Bailey (visited)

Altars:
Ashenzari
Cheibriados
Dithmenos
Elyvilon
Fedhas
Gozag
Hepliaklqana
Kikubaaqudgha
Makhleb
Nemelex Xobeh
Okawaru
Qazlal
Ru
Sif Muna
Trog
Uskayaw
Vehumet
Wu Jian
Xom
Yredelemnul
Zin
The Shining One

Shops:
D:1 *   D:6 *

Annotations:
Lair:2 exclusion: 3 oklob plants
Orc:1 Saint Roka


Innate Abilities, Weirdness & Mutations

You are immune to sickness and miasma.
Your stone body is resilient. (AC +11)
You are immune to poison.
Your large and strong wings let you fly.
You resist negative energy. (rN+)
You are resistant to electric shocks. (rElec)
You are resistant to unholy torment.
You are immune to petrification.


Message History

The orc wizard casts a spell at you.
The puff of flame hits you but does no damage.
You puncture the orc wizard!
Your weapon exudes an aura of protection.
You kill the orc wizard!
Okawaru accepts your kill. You block Saint Roka's attack.
You hit Saint Roka.
Saint Roka is moderately wounded.
Saint Roka calls down the wrath of Beogh upon you.
Beogh smites you!
* * * LOW HITPOINT WARNING * * *
You hit Saint Roka.
Saint Roka is moderately wounded.
You impale Saint Roka!!
Saint Roka is moderately wounded.
Saint Roka mumbles some strange prayers to Beogh against you.
Beogh smites you!
* * * LOW HITPOINT WARNING * * *
You hit Saint Roka but do no damage.
Saint Roka is moderately wounded.
Saint Roka mumbles some strange prayers to Beogh against you.
Beogh smites you!
* * * LOW HITPOINT WARNING * * *
You feel very mighty all of a sudden. Saint Roka hits you but does no damage.
You barely miss Saint Roka.
Saint Roka is moderately wounded.
Saint Roka hits you but does no damage.
You hit Saint Roka but do no damage.
Saint Roka is moderately wounded.
You feel like a meek peon again.
You beat Saint Roka like a drum!!!
Saint Roka is heavily wounded.
You block Saint Roka's attack.
You hit Saint Roka but do no damage.
Saint Roka is heavily wounded.
Saint Roka invokes the aid of Beogh against you.
Beogh smites you!
You die...

#####...........................
##.#....#.#.......#..............
#........_..#..#.................
##......#.#......................
#.......................[)....#.)
....##..................>........
...###.............#............#
....#.#........)[.#.........#.#..
.............##.@o...............
###..........#.[)................
##......#......................
###......#....#............#..#
##.#......#...##.....[))......^#
#............##......).#........
##.##..#......##..#..).........#
#######...........#.[...>......
###.##..........[.........


You could see Saint Roka.

Vanquished Creatures
  Gastronok (D:9)
  An orc warlord (Bailey)
  The ghost of Xankemn the Severer, a journeyman MiBe of Trog (Lair:4)
  The ghost of Opifex the Brawler, a journeyman TrSh of Makhleb (Lair:4)
  Nessos (Lair:4)
  A dire elephant (Lair:5)
  Snorg (Lair:4)
  A fire dragon (Lair:5)
  A yaktaur captain (D:13)
  Josephine (D:11)
  6 hydras
  Erolcha (D:9)
  2 catoblepae
  2 two-headed ogres
  A centaur warrior (D:13)
  A boulder beetle (D:10)
  An orc high priest (Orc:1)
  14 death yaks
  Sonja (D:13)
  Amaemon (D:9)
  A skyshark (Lair:4)
  A swamp dragon (Lair:5)
  Pikel (D:9)
  An oklob plant (Lair:5)
  A lindwurm (Lair:5)
  2 orc knights
  3 manticores
  A cyclops (D:7)
  10 black mambas
  Joseph (D:8)
  8 elephants
  Maurice (Orc:2)
  A torpor snail (Lair:5)
  An orange demon (D:9)
  A cane toad (shapeshifter) (D:13)
  2 gargoyles
  5 cane toads
  7 rime drakes
  2 yaktaurs (D:13)
  9 komodo dragons
  8 trolls
  4 polar bears
  11 blink frogs
  4 hornets
  23 dream sheep
  8 wyverns
  4 shadows
  5 slime creatures (D:12)
  2 centaur simulacra (D:11)
  9 wraiths
  50 yaks
  3 vampires
  4 basilisks
  4 steam dragons
  3 vampire mosquitoes (D:12)
  4 swamp worms (Lair:5)
  A naga (Lair:2)
  4 wargs
  4 acid dragons
  19 water moccasins
  23 orc warriors
  2 swamp drakes (Lair:5)
  6 ice beasts
  A sky beast (D:7)
  3 black bears
  9 wolves
  11 ogres
  8 centaurs
  A lemure (D:9)
  4 kobold brigands
  8 bullfrogs
  6 gnoll sergeants
  2 scorpions
  9 wights
  22 killer bees
  3 jellies
  19 howler monkeys
  7 hounds
  19 orc priests
  2 gnoll boudas (D:7)
  Crazy Yiuf (D:4)
  3 sleepcaps
  Ijyb (D:3)
  11 iguanas
  30 orc wizards
  7 hell rats (Lair:4)
  10 adders
  18 gnolls
  A white imp (D:11)
  An ufetubus (D:11)
  A worm (D:5)
  6 dart slugs
  80 orcs
  8 ball pythons
  3 bats
  6 endoplasms
  A giant cockroach (D:4)
  13 goblins
  23 hobgoblins
  4 jackals (D:1)
  3 quokkas
  22 kobolds
  3 rats
694 creatures vanquished.

Notes
Turn   | Place    | Note
-------+----------+-------------------------------------------
     0 | D:1      | AdnanSaban the Gargoyle Fighter began the quest for the
                  | Orb.
     0 | D:1      | Reached XP level 1. HP: 14/14 MP: 1/1
    45 | D:1      | Reached XP level 2. HP: 12/19 MP: 2/2
   626 | D:1      | Found Ybroli's Assorted Antiques.
   735 | D:2      | Reached XP level 3. HP: 24/24 MP: 3/3
   823 | D:2      | Noticed a scorpion
   854 | D:2      | Killed a scorpion
   855 | D:2      | Reached XP level 4. HP: 12/29 MP: 4/4
  1166 | D:2      | Reached skill level 3 in Maces & Flails
  1175 | D:2      | Reached XP level 5. HP: 33/33 MP: 5/5
  1359 | D:2      | Found a faded altar of an unknown god.
  1631 | D:3      | Noticed Ijyb
  1651 | D:3      | Killed Ijyb
  1720 | D:3      | Found a broken altar of Ashenzari.
  2324 | D:4      | Reached XP level 6. HP: 37/40 MP: 6/6
  2343 | D:4      | Found a hazy altar of Hepliaklqana.
  2396 | D:4      | Identified the +2 chain mail of a sewer {Drain rPois rF-
                  | Dex+7}
  2401 | D:4      | Found a staircase to the Ecumenical Temple.
  2411 | Temple   | Entered the Ecumenical Temple
  2420 | Temple   | Became a worshipper of Warmaster Okawaru
  2437 | D:4      | Reached skill level 4 in Maces & Flails
  2552 | D:4      | Noticed a black bear
  2563 | D:4      | Killed a black bear
  2573 | D:4      | Reached skill level 5 in Fighting
  2620 | D:4      | Identified the +10 long sword "Voalair" {speed, rElec rCorr
                  | Stlth-}
  2671 | D:4      | Found a runed translucent door.
  2672 | D:4      | Noticed Crazy Yiuf
  2918 | D:4      | Noticed a black bear
  2927 | D:4      | Killed a black bear
  2928 | D:4      | Reached skill level 5 in Maces & Flails
  2928 | D:4      | Reached XP level 7. HP: 28/44 MP: 7/7
  3181 | D:4      | Killed Crazy Yiuf
  3181 | D:4      | Reached * piety under Okawaru
  3289 | D:5      | Entered Level 5 of the Dungeon
  3562 | D:5      | Reached skill level 6 in Maces & Flails
  3789 | D:5      | Reached XP level 8. HP: 50/50 MP: 8/8
  3823 | D:5      | Found a stormy altar of Qazlal.
  3887 | D:5      | Noticed a wyvern
  3918 | D:5      | Killed a wyvern
  3919 | D:5      | Reached skill level 7 in Maces & Flails
  3919 | D:5      | Reached skill level 5 in Armour
  3919 | D:5      | Reached skill level 1 in Dodging
  4029 | D:5      | Found an ornate altar of the Wu Jian Council.
  4457 | D:5      | Reached skill level 1 in Invocations
  4512 | D:6      | Found an opulent altar of Gozag.
  4531 | D:6      | Reached ** piety under Okawaru
  4723 | D:6      | Reached skill level 8 in Maces & Flails
  4729 | D:6      | Reached XP level 9. HP: 54/56 MP: 9/9
  5060 | D:6      | Found Telemud's General Store.
  5721 | D:7      | Reached skill level 1 in Stealth
  5822 | D:7      | Reached *** piety under Okawaru
  5823 | D:7      | Reached skill level 9 in Maces & Flails
  5952 | D:7      | Reached skill level 5 in Shields
  6507 | D:7      | Reached **** piety under Okawaru
  6527 | D:7      | Reached XP level 10. HP: 46/64 MP: 10/10
  6598 | D:7      | Identified the +4 flail of Axtuur {flame, *Rage rC+ rN+
                  | Int+5}
  6902 | D:7      | Reached skill level 10 in Maces & Flails
  7282 | D:7      | Identified the +1 war axe "Hulk" {heavy, *Rage rPois Will+
                  | Str+3}
  7292 | D:7      | Noticed a cyclops
  7343 | D:7      | Killed a cyclops
  7720 | D:7      | Reached ***** piety under Okawaru
  7727 | D:7      | Found a shimmering blue altar of Sif Muna.
  7888 | D:8      | Noticed Joseph
  8646 | D:8      | Reached skill level 1 in Throwing
  9292 | D:9      | Noticed a two-headed ogre
  9369 | D:8      | Reached skill level 11 in Maces & Flails
  9369 | D:8      | Reached XP level 11. HP: 69/69 MP: 11/11
 10160 | D:9      | Received a gift from Okawaru
 10307 | D:9      | Killed a two-headed ogre
 10446 | D:9      | Noticed Gastronok
 10483 | D:9      | Killed Gastronok
 10768 | D:9      | Noticed Pikel
 10779 | D:9      | Killed Pikel
 10780 | D:9      | Reached skill level 12 in Maces & Flails
 10780 | D:9      | Noticed Amaemon
 10794 | D:9      | Killed Amaemon
 10904 | D:9      | Noticed Erolcha
 10927 | D:9      | Killed Erolcha
 10999 | D:9      | Found a staircase to the Lair.
 11335 | D:10     | Entered Level 10 of the Dungeon
 11348 | D:10     | Reached XP level 12. HP: 75/77 MP: 12/12
 11486 | D:10     | Reached skill level 10 in Armour
 11493 | D:10     | Reached ****** piety under Okawaru
 11525 | D:10     | Reached skill level 10 in Fighting
 11548 | D:10     | Found a flagged portal.
 11573 | Bailey   | Entered a bailey
 11655 | Bailey   | Noticed an orc warlord
 11850 | Bailey   | Found a runed translucent gate.
 11857 | Bailey   | Found a runed translucent gate.
 11858 | Bailey   | Found a runed translucent gate.
 11970 | Bailey   | Killed an orc warlord
 11970 | Bailey   | Received a gift from Okawaru
 12285 | D:10     | Found a staircase to the Orcish Mines.
 12482 | D:10     | Noticed a boulder beetle
 12505 | D:10     | Killed a boulder beetle
 12505 | D:10     | Identified the +8 mace of Zuvuats {heavy, +Blink rElec
                  | rPois} (Okawaru gifted it to you on level 10 of the
                  | Dungeon)
 12505 | D:10     | Received a gift from Okawaru
 12546 | D:10     | Reached skill level 13 in Maces & Flails
 12604 | D:10     | Found a sacrificial altar of Ru.
 13352 | D:11     | Found a hazy altar of Hepliaklqana.
 13427 | D:11     | Noticed Josephine
 13437 | D:11     | Killed Josephine
 13877 | D:12     | Identified the +1 pair of boots of Orthodoxy {rElec Str+7
                  | Slay-5 Stlth+} (Okawaru gifted it to you on level 12 of the
                  | Dungeon)
 13877 | D:12     | Received a gift from Okawaru
 14031 | D:12     | Reached skill level 14 in Maces & Flails
 14031 | D:12     | Reached XP level 13. HP: 82/84 MP: 14/14
 14957 | D:13     | Noticed Sonja
 14991 | D:13     | Noticed a yaktaur captain
 14998 | D:13     | Killed Sonja
 15016 | D:13     | Killed a yaktaur captain
 15163 | D:13     | Found a gate to the Vaults.
 15182 | D:13     | Noticed a fire dragon
 15647 | D:8      | Killed Joseph
 15716 | Lair:1   | Entered Level 1 of the Lair of Beasts
 15929 | Lair:1   | You fall into a shaft and drop 1 floor!
 16201 | Lair:1   | Reached skill level 15 in Maces & Flails
 16645 | Lair:2   | Received a gift from Okawaru
 16966 | Lair:2   | Reached skill level 10 in Shields
 17079 | Lair:2   | Paralysed by a floating eye for 2 turns
 17836 | Lair:2   | Gained mutation: Your large and strong wings let you fly.
                  | [Gargoyle growth]
 17836 | Lair:2   | Reached XP level 14. HP: 61/92 MP: 15/15
 18020 | Lair:2   | Paralysed by a floating eye for 4 turns
 18277 | Lair:3   | Found a staircase to the Shoals.
 18312 | Lair:3   | Found a staircase to the Snake Pit.
 19178 | Lair:4   | Found a staircase to the Slime Pits.
 19253 | Lair:4   | Noticed Snorg
 19284 | Lair:4   | Killed Snorg
 19284 | Lair:4   | Received a gift from Okawaru
 19443 | Lair:4   | Reached skill level 16 in Maces & Flails
 19674 | Lair:4   | Found a runed translucent gate.
 19675 | Lair:4   | Found a runed translucent gate.
 19676 | Lair:4   | Found a runed translucent gate.
 20026 | Lair:4   | Noticed Nessos
 20042 | Lair:4   | HP: 2/92 [Nessos/arrow (5)]
 20050 | Lair:4   | Killed Nessos
 20508 | Lair:4   | Noticed Opifex's ghost (journeyman TrSh)
 20508 | Lair:4   | Noticed Xankemn's ghost (journeyman MiBe)
 20677 | Lair:5   | Entered Level 5 of the Lair of Beasts
 21083 | Lair:4   | Identified the +0 pair of boots of Vuism {rC+ Slay+3}
                  | (Okawaru gifted it to you on level 4 of the Lair of Beasts)
 21083 | Lair:4   | Received a gift from Okawaru
 21447 | Lair:5   | Reached XP level 15. HP: 80/99 MP: 16/16
 22643 | Lair:5   | Identified the scarf of the Amoeba {shadows, rC+ MP+9
                  | Str+4} (Okawaru gifted it to you on level 5 of the Lair of
                  | Beasts)
 22643 | Lair:5   | Received a gift from Okawaru
 23414 | Lair:4   | Killed Xankemn's ghost
 23426 | Lair:4   | Killed Opifex's ghost
 23561 | Lair:4   | Identified the staff of Disorder {rElec Will+++ rCorr Int-5
                  | Stlth- Air}
 23567 | Lair:4   | Identified the +10 dagger of Frustration {holy, Str+4}
 23934 | Orc:1    | Entered Level 1 of the Orcish Mines
 24138 | Orc:1    | Found an iron altar of Okawaru.
 24412 | Orc:1    | Reached skill level 17 in Maces & Flails
 24510 | Orc:2    | Entered Level 2 of the Orcish Mines
 24698 | Orc:2    | Noticed Maurice
 24707 | Orc:2    | Killed Maurice
 24813 | Orc:2    | Found a staircase to the Elven Halls.
 24947 | Orc:2    | Noticed Saint Roka
 25400 | Orc:1    | HP: 2/101 [Saint Roka/divine providence (9)]
 25405 | Orc:1    | Killed from afar by Saint Roka

Illustrated notes

Levels and vault maps discovered:
D:1:      enne_arrival_octagon_isle, layout_loops_ring, serial_shops,
          nicolae_shop_rolling_square
D:2:      layout_rooms, shapermc_ecumenical_altar_acropolis, serial_curves,
          eino_curves_02, eino_curves_03, eino_curves_01, minmay_crystal_room,
          minmay_randomly_rotated_circles
D:3:      layout_rooms, mainiacjoe_overflow_boulevard, hangedman_glass_teeth,
          uniq_ijyb
D:4:      minmay_diamond_boxcup, layout_basic, mainiacjoe_overflow_alcove_2,
          temple_fountains, minmay_close_crescents, uniq_crazy_yiuf_cottage
D:5:      layout_basic, mainiacjoe_overflow_catwalk_spiral,
          minmay_fractal_squares_diagonal_5
D:6:      layout_rooms, general_overflow_altar, serial_shops,
          nicolae_shop_advertising_works [nicolae_subvault_shop_adworks],
          dk_rats_in_the_wall
D:7:      lemuel_castle_with_subvaults [lemuel_castle_interior_original],
          layout_loops_cross, old_standard_altar, minmay_holes
D:8:      layout_basic, uniq_joseph
D:9:      minmay_s_stair_smasher, layout_long_grid, lair_entry_dummy,
          uniq_gastronok, uniq_erolcha, uniq_pikel, uniq_amaemon
D:10:     layout_roguey, amcnicky_altar_gilded, orc_0_dummy, enter_bailey_4
D:11:     layout_basic, serial_ice, serial_ice_i, serial_ice_b, serial_ice_d,
          serial_ice_g, worldfamousw_hep_ancestral_shrine, uniq_josephine
D:12:     layout_loops_cross
D:13:     layout_basic, david_vaults_2, biasface_ghost_orc_armoury, uniq_sonja
Temple:   minmay_freezing_vapour_temple
Lair:1:   layout_roguey
Lair:2:   layout_gridlike, disabler_island, infiniplex_staircase_pool_2
Lair:3:   layout_layer_cave, elwin_shoals_entry_rocks,
          guppyfry_snake_entry_garden, serial_bayou_shore_b, lemuel_fruit_fields
Lair:4:   layout_regular_city, slime_entry_1, gammafunk_ghost_cemetery,
          dreamdust_wasp_nest, lemuel_fruit_tree, uniq_nessos, uniq_snorg
Lair:5:   hangedman_lair_in_review, layout_small_grid, guppyfry_lair_end_dragon,
          worms_lemuel
Orc:1:    cheibrodos_orc_bank, layout_caves, okawaru_metal_pillars_1_2
Orc:2:    grunt_orc_community_town_hall, layout_caves,
          grunt_orc_community_big_house_1, grunt_orc_community_big_house_2,
          grunt_orc_community_house_3, grunt_orc_community_house_3,
          grunt_orc_community_house_3, grunt_orc_community_house_3,
          grunt_orc_community_house_3, uniq_maurice, uniq_urug, uniq_saint_roka

Skill      XL: |  1  2  3  4  5  6  7  8  9 10 11 12 13 14 15 |
---------------+----------------------------------------------+-----
Fighting       | 4 5 6 7 8 9 10 12 13 14 | 14.3
Armour         | 4 5 7 8 9 11 12 13 | 13.3
Maces & Flails | 3 5 6 8 9 11 12 14 15 16 17 | 17.0
Shields        | 4 5 6 8 9 10 12 13 | 13.5
Dodging        | 1 2 |  2.8
Invocations    | 1 |  1.8
Stealth        | 1 2 |  2.2
Throwing       | 1 3 |  3.5

Action                     |  1- 3 |  4- 6 |  7- 9 | 10-12 | 13-15 || total
---------------------------+-------+-------+-------+-------+-------++-------
  Melee: Flail             |    72 |   236 |   451 |   568 |       ||  1327
         Demon whip        |       |       |       |   202 |       ||   202
         Morningstar       |       |       |       |   225 |  1312 ||  1537
  Throw: Dart              |       |     4 |     1 |    44 |    10 ||    59
 Invoke: Heroism           |       |       |     1 |     3 |     7 ||    11
    Use: Potion            |       |       |       |       |     2 ||     2
 Armour: Scale mail        |    56 |    40 |       |       |       ||    96
         Plate armour      |       |   150 |   305 |   635 |   791 ||  1881
  Dodge: Dodged            |    49 |    87 |   168 |   277 |   306 ||   887
  Block: Buckler           |    16 |    77 |   109 |   211 |       ||   413
         Kite shield       |       |       |       |    57 |   835 ||   892
         Reflection        |       |       |       |       |    17 ||    17

Table legend: (Time is in decaauts)
 A = Elapsed time spent in this place.
 B = Non-inter-level travel time spent in this place.
 C = Inter-level travel time spent in this place.
 D = Time resting spent in this place.
 E = Time spent auto-exploring this place.
 F = Levels seen in this place.
 G = Mean time per level.
                   A        B        C        D        E       F      G
               +--------+--------+--------+--------+--------+-----+--------+
         Total |  25174 |  23667 |   1507 |   2095 |  15554 |  22 | 1144.3 |
       Dungeon |  15212 |  14156 |   1056 |   1113 |   9292 |  13 | 1170.2 |
        Temple |     21 |     21 |      0 |      0 |      0 |   1 |   21.0 |
          Lair |   8001 |   7591 |    410 |    604 |   5431 |   5 | 1600.2 |
  Orcish Mines |   1418 |   1378 |     40 |    309 |    748 |   2 |  709.0 |
        Bailey |    521 |    521 |      0 |     69 |     82 |   1 |  521.0 |
               +--------+--------+--------+--------+--------+-----+--------+

Top non-repeatable levels by time:
  Lair:4: 2292 daAuts
     D:8: 2174 daAuts
     D:7: 2108 daAuts
  Lair:5: 2106 daAuts
     D:9: 1637 daAuts
     D:6: 1415 daAuts
  Lair:2: 1410 daAuts
  Lair:3: 1307 daAuts
     D:4: 1146 daAuts
     D:5: 1079 daAuts
     D:2: 987 daAuts
    D:12: 958 daAuts
    D:10: 941 daAuts
   Orc:1: 914 daAuts
    D:11: 894 daAuts
